 Dungeon Crawl Stone Soup version 0.27-a0-1123-g2f9bb313c0 (webtiles) character file.

Game seed: 17708753763794852410

189 karrick the Ducker (level 5, -6/40 HPs)
             Began as a Djinni Gladiator on May 4, 2021.
             Mangled by an ogre
             ... wielding a +0 giant club
              (21 damage)
             ... on level 3 of the Dungeon.
             The game lasted 00:03:41 (2772 turns).

karrick the Ducker (Djinni Gladiator)               Turns: 2772, Time: 00:03:41

Health: -6/40      AC:  4    Str: 13    XL:     5   Next: 68%
Gold:   49         EV: 13    Int: 10    God:
                   SH:  0    Dex: 15

rFire    + + .     SeeInvis .   a - +0 long sword
rCold    x . .     Faith    .   (no shield)
rNeg     . . .     Spirit   .   b - +0 leather armour
rPois    ∞         Reflect  .   c - +0 helmet
rElec    .         Harm     .   (no cloak)
rCorr    .         Rampage  .   (no gloves)
Will     .....                  (boots unavailable)
Stlth    +.........             (no amulet)
HPRegen  0.13/turn              (no ring)
MPRegen  0.00/turn              (no ring)

@: flying
A: fire resistance 2, cold vulnerability 1, float, innate caster, hp casting,
extra vitality 1
a: no special abilities


You were on level 3 of the Dungeon.
You visited 1 branch of the dungeon, and saw 3 of its levels.

You collected 49 gold pieces.

Inventory:

Hand Weapons
 a - a +0 long sword (weapon)
Missiles
 d - 3 throwing nets (quivered)
 k - 3 atropa-tipped darts
Armour
 b - a +0 leather armour (worn)
 c - a +0 helmet (worn)
Wands
 j - a wand of iceblast (12)
Scrolls
 e - a scroll of magic mapping {unknown}
 f - 5 scrolls of identify {unknown}
 g - 4 scrolls of vulnerability {unknown}
 h - a scroll of teleportation {unknown}
 i - 2 scrolls of enchant weapon {unknown}
 l - 4 scrolls of immolation {unknown}
Potions
 m - a potion of lignification {unknown}
 n - 2 potions of curing {unknown}


   Skills:
 + Level 3.1 Fighting
 + Level 4.1 Long Blades
 + Level 1.8 Throwing
 + Level 1.3 Armour
 + Level 4.1 Dodging
 + Level 0.5 Stealth
 + Level 0.1 Spellcasting


You had one spell level left.
You knew the following spells:

 Your Spells              Type           Power      Damage    Failure   Level
a - Shock                 Conj/Air       0%         1d3       41%         1
b - Static Discharge      Conj/Air       0%         N/A       56%         2
Your spell library was empty.

Dungeon Overview and Level Annotations

Branches:
Dungeon (3/15)

Altars:

Shops:
D:2 [   D:3 !


Innate Abilities, Weirdness & Mutations

You are immune to poison.
Your flesh is very heat resistant. (rF++)
You are vulnerable to cold. (rC-)
You float through the air rather than walking.
You learn spells naturally, not from books.
Your magical power is your life essence.
You have superior vitality. (+4 HP)


Message History

You barely miss the rat. The rat bites you.
You hit the rat.
The rat is moderately wounded.
The rat bites you but does no damage.
You closely miss the rat. The rat misses you.
You hit the rat but do no damage. The rat closely misses you.
You hit the rat.
You kill the rat!
You closely miss the kobold. The kobold completely misses you.
You riposte.
You slash the kobold!
You kill the kobold!
You hit the ogre but do no damage. The ogre barely misses you.
Your leather armour prevents you from hitting the ogre.
The ogre hits you with a +0 giant club!
You hit the ogre but do no damage. The ogre hits you with a +0 giant club!
* * * LOW HITPOINT WARNING * * *
You are too injured to fight recklessly!
You are too injured to fight recklessly!
You are too injured to fight recklessly!
You are too injured to fight recklessly!
You are too injured to fight recklessly!
You are too injured to fight recklessly!
You are too injured to fight recklessly!
You are too injured to fight recklessly!
You are too injured to fight recklessly!
You are too injured to fight recklessly!
You are too injured to fight recklessly!
You are too injured to fight recklessly!
You are too injured to fight recklessly!
You are too injured to fight recklessly!
You are too injured to fight recklessly!
You are too injured to fight recklessly!
You are too injured to fight recklessly!
You are too injured to fight recklessly!
You are too injured to fight recklessly!
You are too injured to fight recklessly!
Unknown command.
The ogre hits you with a +0 giant club!!
Ouch! That really hurt!
You die...

# #.....#######
#.###.. #.......#
#.....###.......#
#......##.......###
##...#)##.........#
###.#.##.......#
#............#.#
###.####....##.#
#.##.@....(#.###
#.##O#.##......
#####
#............##
....#
####.##........
###.# #.####..####
###.######
#.###...####.#
.........#
#....#.......#
.##.####.#
###.###.###### ###
.##.# # #.## ##.#
#..


You could see an ogre.

Vanquished Creatures
  Jessica (D:2)
  Natasha (thrice) (D:2)
  2 adders
  A dart slug (D:1)
  2 orcs (D:3)
  9 ball pythons
  2 endoplasms
  3 giant cockroaches (D:3)
  4 goblins
  7 hobgoblins
  9 jackals
  4 kobolds
  4 quokkas
  5 bats
  6 frilled lizards
  6 rats
68 creatures vanquished.

Notes
Turn   | Place    | Note
-------+----------+-------------------------------------------
     0 | D:1      | karrick the Djinni Gladiator began the quest for the Orb.
     0 | D:1      | Reached XP level 1. HP: 18/18 MP: 0/0
   434 | D:1      | Reached XP level 2. HP: 23/23 MP: 0/0
   716 | D:1      | Reached XP level 3. HP: 28/28 MP: 0/0
   716 | D:1      | Learned a level 1 spell: Shock
   728 | D:1      | Found a faded altar of an unknown god.
  1093 | D:2      | Found Sefose's Antique Armour Boutique.
  1496 | D:2      | Noticed Natasha
  1500 | D:2      | Killed Natasha
  1501 | D:2      | Reached XP level 4. HP: 34/34 MP: 0/0
  1539 | D:2      | Noticed Natasha
  1547 | D:2      | Killed Natasha
  1550 | D:2      | Noticed Natasha
  1559 | D:2      | Killed Natasha
  1560 | D:2      | Reached skill level 1 in Armour
  1560 | D:2      | Reached XP level 5. HP: 15/39 MP: 0/0
  1560 | D:2      | Learned a level 2 spell: Static Discharge
  1764 | D:2      | Noticed Jessica
  1768 | D:2      | Killed Jessica
  2159 | D:3      | Found Ituzoyn's Distillery.
  2731 | D:3      | Noticed an ogre
  2772 | D:3      | Mangled by an ogre

Illustrated notes

Levels and vault maps discovered:
D:1:      saegor_arrival_simple_e, layout_loops_ring, basic_ecumenical_altar,
          minmay_shallow_snake_nest
D:2:      layout_loops_cross, serial_shops, nicolae_shop_waterfront,
          minmay_misc_feat_doors, uniq_natasha, uniq_jessica
D:3:      layout_loops_cross, lemuel_crystal_altar, serial_shops,
          nicolae_shop_stone, hangedman_decor_points

Skill      XL: |  1  2  3  4  5 |
---------------+----------------+-----
Long Blades    | 3 4 |  4.1
Dodging        | 4 |  4.1
Armour         | 1 |  1.3
Fighting       | 3 |  3.1
Throwing       | |  1.8
Stealth        | |  0.5
Spellcasting   | |  0.1

Action                   |  1- 3 |  4- 6 || total
-------------------------+-------+-------++-------
Melee: Long sword        |    86 |    93 ||   179
 Cast: Shock             |     4 |       ||     4
 Stab: Sleeping          |       |     2 ||     2
Armor: Leather armour    |    44 |    14 ||    58
Dodge: Dodged            |    95 |    61 ||   156
       Rpst.: Long sword |    31 |    14 ||    45

Table legend: (Time is in decaauts)
 A = Elapsed time spent in this place.
 B = Non-inter-level travel time spent in this place.
 C = Inter-level travel time spent in this place.
 D = Time resting spent in this place.
 E = Time spent auto-exploring this place.
 F = Levels seen in this place.
 G = Mean time per level.
                   A        B        C        D        E       F      G
               +--------+--------+--------+--------+--------+-----+--------+
         Total |   2811 |   2769 |     42 |      0 |   2316 |   3 |  937.0 |
       Dungeon |   2811 |   2769 |     42 |      0 |   2316 |   3 |  937.0 |
               +--------+--------+--------+--------+--------+-----+--------+

Top non-repeatable levels by time:
     D:2: 1094 daAuts
     D:1: 1093 daAuts
     D:3: 624 daAuts
